 Dungeon Crawl Stone Soup version 0.29.1-1-gd02db6906a (webtiles) character file.

Game seed: 13097244426000423620

13990 LustLizard the Markself (level 11, -11/59 HPs)
             Began as a Deep Elf Arcane Marksman on Oct 10, 2022.
             Was a Believer of Hepliaklqana.
             Mangled by an anaconda simulacrum (13 damage)
             ... in an ice cave.
             The game lasted 00:53:33 (17222 turns).

LustLizard the Markself (Deep Elf Arcane Marksman) Turns: 17222, Time: 00:53:34

Health: -11/59     AC: 13    Str:  7    XL:     11   Next: 82%
Magic:  0/26       EV: 15    Int: 19    God:    Hepliaklqana [**....]
Gold:   484        SH:  0    Dex: 19    Spells: 14/29 levels left

rFire   x . .      SeeInvis .   T - +0 shortbow
rCold   + . .      Faith    .   (shield currently unavailable)
rNeg    . . .      Spirit   +   P - +0 acid dragon scales
rPois   .          Reflect  .   q - +1 helmet
rElec   .          Harm     .   K - +0 cloak
rCorr   +          Rampage  .   d - +1 pair of gloves
Will    +....                   o - +1 pair of boots
Stlth   +.........              H - amulet of guardian spirit
HPRegen 0.19/turn               n - ring of ice
MPRegen 0.20/turn               N - +4 ring of slaying

@: no status effects
A: reduced essence
a: Renounce Religion, Recall Ancestor, Ancestor Identity


You were in an ice cave.
You worshipped Hepliaklqana.
Hepliaklqana was pleased with you.
You visited 2 branches of the dungeon, and saw 12 of its levels.
You also visited: Sewer and Ice Cave.

You collected 484 gold pieces.

Inventory:

Hand Weapons
 a - a +2 sling
 T - a +0 shortbow (weapon)
Missiles
 k - a throwing net
 E - 11 atropa-tipped darts
Armour
 c - a +0 robe
 d - a +1 pair of gloves (worn)
 o - a +1 pair of boots (worn)
 q - a +1 helmet (worn)
 u - a +0 pair of boots
 z - the +9 scales of the Dragon King {rPois rF+ rC+ Will+}
   (You found it on level 3 of the Dungeon)

   rF:        It protects you from fire.
   rC:        It protects you from cold.
   rPois:     It protects you from poison.
   Will:      It increases your willpower.
 K - a +0 cloak (worn)
 P - +0 acid dragon scales (worn)
Jewellery
 n - a ring of ice (left hand)
 r - a ring of poison resistance
 H - an amulet of guardian spirit (around neck)
 L - a ring of wizardry
 N - a +4 ring of slaying (right hand)
 R - a +4 ring of evasion
 V - a ring of wizardry
 W - a +6 ring of dexterity
Wands
 B - a wand of light (7)
 J - a wand of polymorph (8)
 M - a wand of roots (10)
 O - a wand of digging (8)
Scrolls
 b - 3 scrolls of poison
 f - a scroll of fog
 h - a scroll of blinking {unknown}
 j - 3 scrolls of enchant armour
 l - 4 scrolls of amnesia
 m - a scroll of fear
 w - a scroll of enchant weapon
 x - 2 scrolls of summoning {unknown}
 y - 2 scrolls of vulnerability {unknown}
 C - a scroll of immolation {unknown}
 D - 6 scrolls of teleportation
 F - 2 scrolls of noise {unknown}
 U - a scroll of torment {unknown}
Potions
 e - 2 potions of degeneration
 g - a potion of resistance
 i - 2 potions of heal wounds
 p - 4 potions of brilliance
 s - 3 potions of haste
 t - 3 potions of mutation
 v - 2 potions of cancellation
 A - 3 potions of flight
 G - 6 potions of curing
 Q - a potion of might
Miscellaneous
 S - a phantom mirror


   Skills:
 + Level 6.8 Fighting
 * Level 15.1 Ranged Weapons
 + Level 7.5 Dodging
 - Level 9.5 Spellcasting
 - Level 6.0 Hexes
 - Level 4.0 Fire Magic
 * Level 5.6 Invocations
 - Level 6.0 Evocations


You had 14 spell levels left.
You knew the following spells:

 Your Spells              Type           Power      Damage    Failure   Level
a - Slow                  Hex            100%       N/A       1%          1
b - Inner Flame           Hex/Fire       28%        N/A       6%          3
c - Cause Fear            Hex            15%        N/A       13%         4
d - Summon Small Mammal   Summ           36%        N/A       16%         1
e - Portal Projectile     Hex/Tloc       40%        N/A       13%         3
f - Summon Guardian Gole  Hex/Summ       20%        N/A       13%         3

Your spell library contained the following spells:

 Spells                   Type           Power      Damage    Failure   Level
 Apportation              Tloc           18%        N/A       16%         1
 Necrotise                Necr           36%        1d5       16%         1
 Call Canine Familiar     Summ           9%         N/A       41%         3
 Leda's Liquefaction      Hex/Erth       10%        N/A       41%         4
 Animate Dead             Necr           9%         N/A       83%         4
 Haunt                    Necr/Summ      4%         N/A       100%        7
 Discord                  Hex            15%        N/A       100%        8
 Infestation              Necr           4%         N/A       100%        8


Dungeon Overview and Level Annotations

Branches:
Dungeon (10/15)            Temple (0/1) D:7            Lair (2/5) D:8
  Sewer (visited)           IceCv (1/1)
  Swamp: Lair:2-3    Shoals: Lair:2-3     Snake: Lair:2-3    Spider: Lair:2-3
    Orc: D:9-12

Altars:
Hepliaklqana
Okawaru
Qazlal
Ru
The Shining One

Annotations:
D:2 Sigmund
D:9 3 runed translucent doors, exclusion: ice statue IceCv exclusion: ice statue


Message History

Aim: an anaconda simulacrum (severely damaged, constricting you, ally target, 71% to hit)
You shoot an arrow.
The arrow barely misses the anaconda simulacrum.
The anaconda simulacrum bites you! The anaconda simulacrum freezes you!
You resist. The anaconda simulacrum constricts you.
The anaconda simulacrum bites you. The anaconda simulacrum freezes you!
You resist. The anaconda simulacrum constricts you.
Fire: T) +0 shortbow
Press: ? - help, Q - select action, (/) - cycle Shift-Dir - straight line, f/p - anaconda simulacrum
Aim: an anaconda simulacrum (severely damaged, constricting you, ally target, 71% to hit)
You shoot an arrow.
The arrow hits the anaconda simulacrum but does no damage.
The anaconda simulacrum is severely damaged.
The anaconda simulacrum bites you but does no damage.
The anaconda simulacrum constricts you.
Fire: T) +0 shortbow
Press: ? - help, Q - select action, (/) - cycle Shift-Dir - straight line, f/p - anaconda simulacrum
Aim: an anaconda simulacrum (severely damaged, constricting you, ally target, 71% to hit)
You shoot an arrow. The arrow hits the anaconda simulacrum.
The anaconda simulacrum is severely damaged.
The anaconda simulacrum bites you but does no damage.
The anaconda simulacrum constricts you.
Fire: T) +0 shortbow
Press: ? - help, Q - select action, (/) - cycle Shift-Dir - straight line, f/p - anaconda simulacrum
Aim: an anaconda simulacrum (severely damaged, constricting you, ally target, 71% to hit)
You shoot an arrow. The arrow hits the anaconda simulacrum.
The anaconda simulacrum is almost destroyed.
The anaconda simulacrum bites you. The anaconda simulacrum freezes you!
You resist. The anaconda simulacrum constricts you.
The anaconda simulacrum bites you.
* * * LOW HITPOINT WARNING * * *
The anaconda simulacrum freezes you! You resist.
* * * LOW HITPOINT WARNING * * *
The anaconda simulacrum constricts you.
You escape the anaconda simulacrum's grasp.
The anaconda simulacrum attacks as you move away!
The anaconda simulacrum bites you!
* * * LOW HITPOINT WARNING * * *
The anaconda simulacrum freezes you! You resist.
You die...

#...###..# ...
#..##.#.##
...#
#..#....##
...#
#..##....#
#§§.#
##..#....#
°.§.#
#..##..)##§○§.
##..#..##..#
#..####Z.#
##.###@.9#
##..#..##
#....## ##..##
####


You could see an anaconda simulacrum (ally target) and a friendly guardian golem
(summoned).

Vanquished Creatures
  A hydra (Lair:2)
  A black mamba (Lair:1)
  An ice statue (IceCv)
  A cane toad (Lair:1)
  A komodo dragon (Lair:1)
  2 ice devils (IceCv)
  A freezing wraith (IceCv)
  A hornet (D:10)
  A blink frog (Lair:2)
  2 wyverns (D:9)
  8 yaks
  A death yak simulacrum (IceCv)
  A basilisk (D:8)
  2 acid dragons
  A hydra simulacrum (IceCv)
  2 sky beasts
  3 orc warriors
  5 black bears
  2 ice beasts
  6 wolves (Lair:1)
  2 ogres
  2 phantoms
  2 bullfrogs
  3 kobold brigands
  A scorpion (D:4)
  11 wights
  4 killer bees (D:9)
  2 howler monkeys
  3 hounds
  7 orc priests
  6 jellies
  Crazy Yiuf (D:5)
  2 iguanas (D:7)
  Terence (D:1)
  9 orc wizards
  A troll simulacrum (IceCv)
  A polar bear simulacrum (IceCv)
  A spriggan simulacrum (IceCv)
  Robin (D:2)
  13 adders
  A river rat (Sewer)
  2 naga simulacra (IceCv)
  2 shadow imps (D:7)
  4 white imps
  2 ufetubi (D:5)
  A worm (D:5)
  2 dart slugs
  42 orcs
  7 ball pythons
  12 endoplasms
  8 giant cockroaches
  15 goblins
  13 hobgoblins
  21 kobolds
  2 quokkas
  5 bats
  5 frilled lizards
  10 rats
270 creatures vanquished.

Vanquished Creatures (collateral kills)
  A cyclops (D:10)
  An elephant (D:8)
  A cane toad (Lair:1)
  2 komodo dragons (Lair:1)
  An ice devil (IceCv)
  A blink frog (Lair:2)
  2 yaks
  An orc warrior (D:9)
  3 bullfrogs
  A kobold brigand (D:9)
  A two-headed ogre simulacrum (IceCv)
  2 elephant simulacra (IceCv)
  A killer bee (D:9)
  An orc priest (D:10)
  An orc wizard (D:8)
  A spriggan simulacrum (IceCv)
  A naga simulacrum (IceCv)
  A white imp (IceCv)
  3 orcs
  A kobold (D:9)
27 creatures vanquished.

Vanquished Creatures (others)
  A boulder beetle (D:9)
  2 ice devils (IceCv)
  2 blink frogs (Lair:2)
  A dire elephant simulacrum (IceCv)
  A water moccasin (Lair:2)
  A cane toad simulacrum (IceCv)
  4 knights
  An orc wizard (D:4)
  A troll simulacrum (IceCv)
  A wolf simulacrum (IceCv)
  7 ancestors
  4 plants
26 creatures vanquished.

Grand Total: 323 creatures vanquished

Notes
Turn   | Place    | Note
-------+----------+-------------------------------------------
     0 | D:1      | LustLizard the Deep Elf Arcane Marksman began the quest for
                  | the Orb.
     0 | D:1      | Reached XP level 1. HP: 11/11 MP: 5/5
   133 | D:1      | Reached skill level 3 in Ranged Weapons
   164 | D:1      | Reached skill level 1 in Fighting
   173 | D:1      | Reached XP level 2. HP: 16/16 MP: 6/6
   883 | D:2      | Noticed Sigmund
   995 | D:2      | Noticed Terence
  1454 | D:1      | Killed Terence
  1455 | D:1      | Reached XP level 3. HP: 10/20 MP: 6/8
  1464 | D:1      | Learned a level 3 spell: Inner Flame
  1777 | D:2      | Noticed Robin
  1803 | D:2      | Reached skill level 4 in Ranged Weapons
  1814 | D:2      | Killed Robin
  1815 | D:2      | Reached XP level 4. HP: 19/25 MP: 9/9
  1816 | D:2      | Reached skill level 1 in Fire Magic
  3077 | D:3      | Learned a level 4 spell: Cause Fear
  3420 | D:3      | Reached XP level 5. HP: 29/29 MP: 11/11
  3427 | D:3      | Found a glowing drain.
  3437 | Sewer    | Entered a sewer
  3531 | Sewer    | Reached skill level 5 in Ranged Weapons
  3568 | Sewer    | Found a viscous altar of Jiyva.
  3765 | Sewer    | Reached XP level 6. HP: 35/35 MP: 8/12
  4076 | D:3      | Found the +9 scales of the Dragon King {rPois rF+ rC+
                  | Will+}
  4522 | D:4      | Reached skill level 5 in Hexes
  4681 | D:4      | Reached skill level 6 in Ranged Weapons
  4681 | D:4      | Reached XP level 7. HP: 40/40 MP: 12/14
  5380 | D:4      | Found an iron altar of Okawaru.
  5619 | D:5      | Entered Level 5 of the Dungeon
  5857 | D:5      | Reached skill level 7 in Ranged Weapons
  6133 | D:5      | Reached XP level 8. HP: 45/45 MP: 16/16
  6622 | D:5      | Found a runed translucent door.
  6623 | D:5      | Noticed Crazy Yiuf
  6679 | D:5      | Reached skill level 5 in Dodging
  7028 | D:5      | Found a stormy altar of Qazlal.
  7543 | D:6      | Learned a level 1 spell: Summon Small Mammal
  7547 | D:6      | Learned a level 3 spell: Portal Projectile
  7668 | D:6      | Reached skill level 5 in Spellcasting
  7668 | D:6      | Reached skill level 1 in Evocations
  7692 | D:6      | Reached skill level 8 in Ranged Weapons
  7975 | D:6      | Found a hazy altar of Hepliaklqana.
  7981 | D:6      | Became a worshipper of Hepliaklqana the Forgotten
  8369 | D:6      | Reached skill level 9 in Ranged Weapons
  8369 | D:6      | Reached XP level 9. HP: 51/51 MP: 14/19
  8373 | D:6      | Learned a level 3 spell: Summon Guardian Golem
  8937 | D:7      | Found a staircase to the Ecumenical Temple.
  9110 | D:7      | Found a sacrificial altar of Ru.
  9749 | D:7      | Reached * piety under Hepliaklqana
  9841 | D:7      | Found a glowing golden altar of the Shining One.
  9982 | D:8      | Found a staircase to the Lair.
 10094 | D:7      | Reached skill level 10 in Ranged Weapons
 10094 | D:7      | Reached skill level 5 in Evocations
 10659 | D:8      | Noticed an elephant
 11066 | D:9      | Reached skill level 11 in Ranged Weapons
 11066 | D:9      | Reached XP level 10. HP: 52/52 MP: 14/23
 11290 | D:9      | Found a runed translucent door.
 11338 | D:9      | Found a runed translucent door.
 11412 | D:9      | Found a runed translucent door.
 11454 | D:9      | Found a runed translucent door.
 11477 | D:9      | Noticed a boulder beetle
 11530 | D:9      | Killed a boulder beetle
 11531 | D:9      | Reached skill level 5 in Fighting
 11531 | D:9      | Reached skill level 12 in Ranged Weapons
 11997 | D:9      | Noticed an ice statue
 13907 | D:5      | Killed Crazy Yiuf
 14056 | D:8      | Killed an elephant
 14704 | D:10     | Entered Level 10 of the Dungeon
 14822 | D:10     | Reached skill level 13 in Ranged Weapons
 14904 | D:10     | Noticed a cyclops
 15123 | D:10     | Reached ** piety under Hepliaklqana
 15124 | D:10     | Remembered your ancestor Tertia as a knight
 15411 | D:10     | Killed a cyclops
 15412 | D:10     | Reached XP level 11. HP: 57/57 MP: 24/26
 15706 | Lair:1   | Entered Level 1 of the Lair of Beasts
 15749 | Lair:1   | Reached skill level 1 in Invocations
 15764 | Lair:1   | Reached skill level 14 in Ranged Weapons
 15792 | Lair:1   | You fall into a shaft and drop 1 floor!
 15795 | Lair:2   | Noticed a seven-headed hydra
 15824 | Lair:2   | Killed a seven-headed hydra
 16016 | Lair:1   | Found a frozen archway.
 16033 | IceCv    | Entered an ice cave
 16928 | IceCv    | Reached skill level 5 in Invocations
 17197 | IceCv    | Reached skill level 15 in Ranged Weapons
 17222 | IceCv    | HP: 2/59 [anaconda simulacrum (5)]
 17222 | IceCv    | Mangled by an anaconda simulacrum

Illustrated notes

Levels and vault maps discovered:
D:1:      lightli_arrival_chessboard, layout_basic, grunt_decor_resistance
D:2:      minmay_chambers_of_ones, layout_loops_ring, uniq_sigmund, uniq_robin,
          uniq_terence
D:3:      layout_loops_cross, portal_sewer_entry_a
D:4:      layout_loops_ring, lemuel_coloured_pillars_altar
D:5:      layout_basic, nicolae_qazlal_eye_of_the_storm, uniq_crazy_yiuf_cottage
D:6:      layout_basic, lemuel_doored_altar
D:7:      layout_basic, tso_altar, mainiacjoe_overflow_boulevard,
          minmay_temple_entry_slanted, minmay_misc_feat_tower,
          grunt_ministairs_9
D:8:      layout_cave_pools, david_lair_generic
D:9:      layout_basic, minmay_statue_crystal_thing
D:10:     layout_gridville
Lair:1:   layout_layer_cave, portal_ice_cave_entry_pillars_2,
          small_statue_intersection, minivault_27, serial_bayou_shore_a
Lair:2:   layout_gridlike, minmay_shoals_entry_hut, minivault_27,
          infiniplex_staircase_pool_2
IceCv:    ice_cave_small_demon

Skill      XL: |  1  2  3  4  5  6  7  8  9 10 11 |
---------------+----------------------------------+-----
Ranged Weapons | 3 4 5 6 7 9 11 13 15 | 15.1
Fighting       | 1 2 3 4 6 |  6.8
Spellcasting   | 2 3 4 5 7 9 |  9.5
Dodging        | 3 4 5 6 7 |  7.5
Fire Magic     | 1 2 3 4 |  4.0
Hexes          | 5 6 |  6.0
Evocations     | 3 6 |  6.0
Invocations    | 5 |  5.6

Action                   |  1- 3 |  4- 6 |  7- 9 | 10-12 || total
-------------------------+-------+-------+-------+-------++-------
Melee: Sling             |       |       |     1 |       ||     1
 Fire: Sling             |   124 |   211 |   506 |   148 ||   989
       Shortbow          |       |       |       |   158 ||   158
 Cast: Slow              |    19 |    21 |    61 |    42 ||   143
       Inner Flame       |       |     7 |    26 |    14 ||    47
       Summon Small Mamm |       |       |     1 |     9 ||    10
       Cause Fear        |       |       |     2 |     1 ||     3
       Portal Projectile |       |       |     2 |     2 ||     4
       Summon Guardian G |       |       |     1 |    21 ||    22
Invok: Recall Ancestor   |       |       |     2 |     2 ||     4
       Ancestor Life: Kn |       |       |       |     1 ||     1
       Ancestor Identity |       |       |       |     1 ||     1
Evoke: Wand              |       |       |       |    11 ||    11
  Use: Scroll            |     2 |     3 |     9 |     5 ||    19
       Potion            |       |       |       |     5 ||     5
Armor: Robe              |     9 |    18 |    43 |       ||    70
       Acid dragon scale |       |       |       |    55 ||    55
Dodge: Dodged            |    17 |    31 |    84 |    70 ||   202
